 Dungeon Crawl Stone Soup version 0.20.0-7-g3b7b877 (webtiles) character file.

17 Angani the Grasshopper (level 2, -11/14 HPs)
             Began as a Spriggan Warper on May 28, 2017.
             Mangled by an orc warrior
             ... wielding a +0 long sword
              (18 damage)
             ... on level 11 of the Dungeon.
             The game lasted 00:06:18 (1518 turns).

Angani the Grasshopper (Spriggan Warper)            Turns: 1518, Time: 00:06:20

Health: -11/14     AC:  2    Str:  7    XL:     2   Next: 44%
Magic:  1/6        EV: 18    Int: 14    God:
Gold:   73         SH:  0    Dex: 15    Spells: 4/6 levels left

rFire    . . .     SeeInvis +   a - +0 short sword
rCold    . . .     Gourm    .   (shield restricted)
rNeg     . . .     Faith    .   b - +0 robe
rPois    +         Spirit   .   (helmet restricted)
rElec    .         Reflect  .   (no cloak)
rCorr    .         Harm     .   (gloves unavailable)
MR       .....                  (boots unavailable)
Stlth    ++........             (no amulet)
Regen    0.1/turn               j - ring of poison resistance
MPRegen  0.1/turn               (no ring)

@: very slightly contaminated, very quick
A: unfitting armour, see invisible, herbivore 3, speed 3, slow metabolism 2
a: no special abilities


You were on level 11 of the Dungeon.
You were not hungry.

You visited 1 branch of the dungeon, and saw 11 of its levels.

You collected 73 gold pieces.

Inventory:

Hand Weapons
 a - a +0 short sword (weapon)
Missiles
 e - 5 tomahawks of dispersal (quivered)
Armour
 b - a +0 robe (worn)
Jewellery
 j - a ring of poison resistance (left hand)
Potions
 h - a potion of berserk rage {unknown}
 i - a potion of heal wounds
Books
 c - a book of Spatial Translocations

   Spells                             Type                      Level
   a - Blink                          Translocation                2
   b - Shroud of Golubria             Charms/Translocation         2
   c - Lesser Beckoning               Translocation                3
   d - Gell's Gravitas                Translocation                3
   e - Teleport Other                 Translocation                3
   f - Passage of Golubria            Translocation                4
Comestibles
 f - 2 bread rations


   Skills:
 - Level 1.5 Fighting
 - Level 2.1 Short Blades
 - Level 1.0 Throwing
 - Level 3.5 Dodging
 * Level 3.6 Stealth
 + Level 2.6 Spellcasting
 - Level 4.4 Translocations


You had 4 spell levels left.
You knew the following spells:

 Your Spells              Type           Power        Failure   Level  Hunger
a - Blink                 Tloc           N/A          5%          2    ###....


Dungeon Overview and Level Annotations

Branches:
Dungeon (11/15)               Orc (0/2) D:11
 Temple: D:4-7         Lair: D:8-11

Altars:
Ashenzari
Cheibriados
Sif Muna
Uskayaw
Zin


Innate Abilities, Weirdness & Mutations

You are very small and have problems with some larger weapons.
You are too small for most types of armour.
You have supernaturally acute eyesight. (SInv)
You are a herbivore.
You cover ground extremely quickly.
You need consume almost no food.


Message History

Press: ? - help, Dir - move target cursor You are very lightly contaminated with residual magic.
As you read the scroll of blinking, it crumbles to dust. 2 orcs come into view.
The orc shouts! x2
The orc throws a tomahawk.
The tomahawk misses you.
A yak and a centaur come into view.
The orc barely misses you.
You see here a tomahawk.
Unknown command.
The orc shouts!
The yak bellows!
You hit the orc.
The orc is lightly wounded.
The hound closely misses you. The hound completely misses you.
Unknown command.
You closely miss the orc.
The orc is lightly wounded.
The orc warrior hits you with a long sword!!
Ouch! That really hurt!
You die...

##### #.<.#
#...##########################
###.....a...oo...o....T.........
#....h..#....##################.
#)##.#######..o@o#..O.o..o.T.oT.
#.##.# #####hT.######.o####.
#.##.# #.....# #.## #. #.##.#
....8.....#.# #. #.##..
#...........### #. .a.h.#
......oo.... .. .....#
.8....>o..Y8 .# ...
........o..o. .....
#c#...........


You could see a yak, a troll, an orc warrior, a hound, a worker ant and 6 orcs.

Vanquished Creatures
  An ooze (D:1)
  5 bats
  A giant cockroach (D:1)
  2 hobgoblins (D:1)
  A kobold (D:1)
  A ball python (D:2)
  2 frilled lizards (D:1)
13 creatures vanquished.

Notes
Turn   | Place    | Note
-------+----------+-------------------------------------------
     0 | D:1      | Angani the Spriggan Warper began the quest for the Orb.
     0 | D:1      | Reached XP level 1. HP: 10/10 MP: 5/5
    23 | D:1      | Reached skill level 1 in Stealth
   298 | D:1      | Reached XP level 2. HP: 14/14 MP: 6/6
   302 | D:1      | Learned a level 2 spell: Blink
   704 | D:4      | Found a hide-covered altar of Uskayaw.
   704 | D:4      | Noticed a dagger
   704 | D:4      | Noticed a hand axe
   704 | D:4      | Noticed a scorpion
   742 | D:4      | Noticed a scorpion
   857 | D:4      | Found a shattered altar of Ashenzari.
   858 | D:4      | Found a deep blue altar of Sif Muna.
   892 | D:5      | Entered Level 5 of the Dungeon
   914 | D:5      | Noticed a necrophage
   919 | D:5      | Noticed a sky beast
   958 | D:6      | Noticed an ogre
  1000 | D:6      | Found a glowing silver altar of Zin.
  1025 | D:6      | Noticed a bullfrog
  1053 | D:7      | Noticed a scorpion
  1066 | D:8      | Noticed an ogre
  1068 | D:8      | Noticed a bullfrog
  1134 | D:8      | Found a snail-covered altar of Cheibriados.
  1139 | D:8      | Noticed a bullfrog
  1160 | D:9      | Noticed a hippogriff
  1238 | D:10     | Entered Level 10 of the Dungeon
  1355 | D:10     | Noticed a phantom
  1442 | D:10     | Noticed a centaur warrior zombie
  1464 | D:11     | Noticed a troll
  1486 | D:11     | Noticed a hungry ghost
  1486 | D:11     | Noticed a two-headed ogre
  1512 | D:11     | Noticed an orc warrior
  1512 | D:11     | Found a staircase to the Orcish Mines.
  1513 | D:11     | Noticed a troll
  1516 | D:11     | Noticed a yak
  1516 | D:11     | Noticed a centaur
  1518 | D:11     | Mangled by an orc warrior

Skill      XL: |  1  2 |
---------------+-------+-----
Stealth        | 2 3 |  3.6
Fighting       | |  1.5
Short Blades   | |  2.1
Throwing       | |  1.0
Dodging        | |  3.5
Spellcasting   | |  2.6
Translocations | |  4.4

Action                   || total
-------------------------++-------
Melee: Short sword       ||    48
 Cast: Blink             ||     5
  Use: Scroll            ||     5
 Stab: Sleeping          ||     5
Armor: Robe              ||    12
Dodge: Dodged            ||    88
